 Dungeon Crawl Stone Soup version 0.17.1-3-g152610e (webtiles) character file.

122219 Romlok the Reanimator (level 16, -7/116 HPs)
             Began as a Ghoul Necromancer on Apr 12, 2016.
             Was the Champion of Okawaru.
             Killed from afar by a fire giant (20 damage)
             ... with a fireball
             ... on level 15 of the Dungeon on Apr 20, 2016.
             The game lasted 10:50:45 (34676 turns).

Romlok the Reanimator (Ghoul Necromancer)          Turns: 34676, Time: 10:50:46

Health: -7/116     AC: 32    Str: 17    XL:     16   Next: 87%
Magic:  1/27       EV: 14    Int: 10    God:    Okawaru [******]
Gold:   1753       SH:  7    Dex: 11    Spells: 6 memorised, 21 levels left

rFire  + + .     SeeInvis .     a - +7 short sword "Hiraellosm" {freeze, rElec rPois rC+ Dex+2}
rCold  + + .     Clarity  +     d - +11 scale mail of Compression {rPois Str+3 Dex-2}
rNeg   + + +     SustAt   .     p - +1 buckler
rPois  ∞         Gourm    .     W - +2 helmet {rF+}
rElec  +         Spirit   .     L - +1 cloak {MR+}
rCorr  +         Warding  .     n - +3 pair of gloves of Zunun {+Inv rN+ rCorr Dex-3}
rMut   .         Stasis   .     H - +1 pair of boots {run}
MR     +++..                    f - amulet of clarity
Stlth  ..........               v - ring of protection from magic
                                S - ring of protection from fire

@: rotting, quick, extremely resistant to hostile enchantments, extremely
unstealthy
A: rotting body, claws 1, carnivore 3, cold resistance 1, negative energy
resistance 3, slow regeneration 1, torment resistance, unbreathing
a: Heroism, Finesse, Renounce Religion, Evoke Invisibility


You were on level 15 of the Dungeon.
You worshipped Okawaru.
Okawaru was exalted by your worship.
You were not hungry.

You visited 4 branches of the dungeon, and saw 28 of its levels.
You also visited: Labyrinth, Ossuary and Volcano.

You collected 3081 gold pieces.
You spent 1328 gold pieces at shops.

Inventory:

Hand Weapons
 a - the +7 short sword "Hiraellosm" (weapon) {freeze, rElec rPois rC+ Dex+2}
   (You bought it in a shop on level 4 of the Orcish Mines)

   It has been specially enchanted to freeze those struck by it, causing extra
   injury to most foes and up to half again as much damage against particularly
   susceptible opponents.
   It can also slow down cold-blooded creatures.
   It affects your dexterity (+2).
   It protects you from cold.
   It insulates you from electricity.
   It protects you from poison.
 b - a +2 dagger of electrocution
 i - a +2 long sword of flaming
 G - a +4 long sword of slicing
 R - a +1 antimagic long sword
 U - a +3 dagger of venom
Missiles
 j - 4 poisoned javelins
 q - a throwing net
 r - 12 javelins (quivered)
Armour
 d - the +11 scale mail of Compression (worn) {rPois Str+3 Dex-2}
   (You found it on level 6 of the Lair of Beasts)

   It affects your strength (+3).
   It affects your dexterity (-2).
   It protects you from poison.
 n - the +3 pair of gloves of Zunun (worn) {+Inv rN+ rCorr Dex-3}
   (Okawaru gifted it to you on level 11 of the Dungeon)

   It affects your dexterity (-3).
   It protects you from negative energy.
   It lets you turn invisible.
   It protects you from acid and corrosion.
 p - a +1 buckler (worn)
 y - the +0 hat of Sezxeer Sosu {+Blink rElec rPois rF-}
   (Okawaru gifted it to you on level 8 of the Lair of Beasts)

   It makes you vulnerable to fire.
   It insulates you from electricity.
   It protects you from poison.
   It lets you blink.
 H - a +1 pair of boots of running (worn)
 L - a +1 cloak of magic resistance (worn)
 W - a +2 helmet of fire resistance (worn)
Jewellery
 f - an amulet of clarity (around neck)
 v - a ring of protection from magic (right hand)
 x - an uncursed ring of stealth
 P - an uncursed ring of sustain attributes
 S - a ring of protection from fire (left hand)
Wands
 o - a wand of hasting (3)
 s - a wand of slowing (24)
 w - a wand of paralysis (16)
 A - a wand of disintegration (6)
 D - a wand of hasting (6)
 F - a wand of digging (14)
Scrolls
 e - 3 scrolls of blinking
 g - 21 scrolls of identify
 k - a scroll of teleportation
 m - a scroll of fog
 T - 2 scrolls of fear
 X - 6 scrolls of magic mapping
 Z - 4 scrolls of remove curse
Potions
 h - 4 potions of curing
 z - 3 potions of might
 B - 2 potions of agility
 E - 2 potions of brilliance
 N - 6 potions of haste
Books
 l - a book of the Tempests

   Spells                             Type                      Level
   a - Static Discharge               Conjuration/Air              3
   b - Lightning Bolt                 Conjuration/Air              5
   c - Fireball                       Conjuration/Fire             5
   d - Tornado                        Air                          9
   e - Shatter                        Earth                        9
 t - a book of Dreams

   Spells                             Type                      Level
   a - Ensorcelled Hibernation        Hexes/Ice                    2
   b - Phase Shift                    Translocation                5
   c - Shadow Creatures               Summoning                    5
   d - Silence                        Hexes/Air                    5
   e - Darkness                       Hexes                        6
   f - Mass Confusion                 Hexes                        6
Comestibles
 c - 12 meat rations
 u - 6 chunks of flesh


   Skills:
 - Level 4.0 Fighting
 - Level 10.6(11.6) Short Blades
 * Level 7.7(10.2) Long Blades
 - Level 10.0 Armour
 - Level 10.8 Dodging
 - Level 2.1 Stealth
 - Level 9.0 Shields
 - Level 8.0 Spellcasting
 + Level 3.7 Hexes
 - Level 5.0 Charms
 - Level 12.0 Necromancy
 - Level 4.0 Translocations
 - Level 9.0 Invocations
 + Level 3.1 Evocations


You had 21 spell levels left.
You knew the following spells:

 Your Spells              Type           Power        Failure   Level  Hunger
a - Pain                  Necr           ####         1%          1    None
b - Animate Skeleton      Necr           N/A          1%          1    None
c - Corona                Hex            ##.....      12%         1    None
d - Vampiric Draining     Necr           ####......   1%          3    ###....
g - Apportation           Tloc           ##........   10%         1    None
r - Regeneration          Chrm/Necr      ###.......   4%          3    ###....


Dungeon Overview and Level Annotations

Branches:
Dungeon (15/15)            Temple (1/1) D:6            Lair (8/8) D:8
 Shoals (0/4) Lair:3       Spider (0/4) Lair:5        Slime (0/6) Lair:6
    Orc (4/4) D:11            Elf (0/3) Orc:4        Vaults (0/5) D:13
 Depths (0/5) D:15

Altars:
Ashenzari
Cheibriados
Dithmenos
Elyvilon
Fedhas
Gozag
Kikubaaqudgha
Makhleb
Nemelex Xobeh
Okawaru
Qazlal
Ru
Sif Muna
Trog
Vehumet
Xom
Yredelemnul
Zin
The Shining One
Beogh

Shops:
Orc:1 %   Orc:4 (:*=[

Annotations:
D:2 Sigmund
D:3 jesusflecha's ghost, weakling DECj
D:4 crossborder's ghost, amateur HOMo
D:5 Blunderbuss's ghost, novice GrGl
D:6 DEFINITELYNOTMATTIAS's ghost, novice MiFi


Innate Abilities, Weirdness & Mutations

Your body is rotting away.
You thrive on raw meat.
You are immune to poison.
You have sharp fingernails.
You are carnivorous and can eat meat at any time.
Your flesh is cold resistant.
You are immune to negative energy.
You regenerate slowly when monsters are visible.
You are immune to unholy pain and torment.
You can survive without breathing.


Message History

Evoke which item? (* to show all) (? for menu, Esc to quit)
Okay, then.
Unknown command.
Press: ? - help, v - describe, . - travel, g - get item
Here: a fire giant, wielding a great sword of flaming (severely wounded)
A battleaxe of venom.
There is something else lying underneath.
An open door, spattered with blood.
Unknown command.
There is an open door, spattered with blood here.
You see here 2 chunks of flesh.
Evoke which item? (* to show all) (? for menu, Esc to quit)
Zapping:
A - a wand of disintegration (will waste charges)
Press: ? - help, Shift-Dir - straight line, f/p - fire giant
Aim: a fire giant, wielding a great sword of flaming (severely wounded, chance to defeat MR: 24%)
The fire giant is blasted.
Evoking this partially-identified wand wasted a few charges.
The fire giant gestures at you while chanting.
The fireball explodes!
The fireball engulfs you! You resist.
You die...

.⌠.#'#.#.#.#÷.÷...##[#.#.##(#
..#......#[.÷÷#)'#.....##..
#'#.#.#.#%.#.#.#..#...##..
#..†...#..#.)#'#..#..##.. #
##.#.#.#...)###....#.##.. .#+#+#
###)#o##.#[#†###.....##.# .....
≈##.#.#C####.#.#########.. ....
?≈##......#......#######).. ..C#
.$≈##..##.#@#.#.#.##........
.F§#..§§##..#...#.......#..##.###
#ZD§$§§≈##.##..#'#.#.#.##.##.....
#≈§§≈§§≈##......#......##.#...###
≈###################.####....#...
########################..#.#.#.#
##........................#.#....
##..<...#...#...#...#.....#.#.#.#
##.>..#...#...#...#...#.....#....


You could see a fire giant and an orc knight.

Vanquished Creatures
  Rupert (D:15)
  Gastronok (Lair:1)
  Kirke (D:15)
  A tengu reaver (D:15)
  Maud (Lair:6)
  A minotaur (Lab)
  A great orb of eyes (shapeshifter) (D:15)
  A yaktaur captain (D:15)
  2 fire dragons
  9 hydras
  An ice dragon (Lair:8)
  6 centaur warriors
  A dancing weapon (D:13)
  10 death yaks
  2 tengu warriors (D:15)
  Urug (D:15)
  10 skeletal warriors
  4 deep elf knights
  6 hill giants
  3 unseen horrors
  Pikel (D:8)
  3 ugly things
  A deep elf conjurer (D:15)
  10 orc knights
  An orc sorcerer (Orc:3)
  2 manticores
  3 cyclopes
  4 griffons
  2 lindwurms (Lair:8)
  14 elephants
  6 black mambas
  6 torpor snails (Lair:8)
  2 centaur skeletons
  An efreet (D:15)
  10 spiny frogs
  20 komodo dragons
  A yaktaur (D:15)
  A minotaur zombie (Lab)
  4 two-headed ogres
  3 fire drakes
  3 giant leeches (Lair:8)
  12 trolls
  3 jumping spiders (Lair:5)
  A freezing wraith (D:15)
  A polar bear (Lair:8)
  22 blink frogs
  2 slime creatures (Lair:6)
  28 yaks
  2 deep elf magi
  A centaur simulacrum (D:15)
  A redback (Lair:5)
  A wraith (D:15)
  A human (D:11)
  3 hungry ghosts
  5 basilisks
  A hog (D:11)
  6 fire bats
  2 vampire mosquitoes (D:15)
  2 deep elf fighters (D:14)
  7 hippogriffs
  5 mottled dragons
  4 wyverns
  22 wolves
  11 porcupines
  5 wargs
  14 water moccasins
  36 orc warriors
  A swamp drake (Lair:8)
  3 black bears
  A spider (Lair:5)
  5 sky beasts
  3 slaves (D:8)
  A soldier ant (D:9)
  7 ice beasts
  15 ogres
  4 wasps
  17 centaurs
  5 eyes of draining
  2 phantoms
  16 crocodiles
  4 brain worms
  14 big kobolds
  30 giant frogs
  A water moccasin zombie (D:9)
  2 wyvern skeletons
  6 scorpions
  2 killer bees (D:11)
  8 wights
  5 lava snakes
  5 crimson imps
  A quasit (D:10)
  7 centaur zombies
  4 jellies
  A giant frog skeleton (D:3)
  Ijyb (D:3)
  7 hounds
  22 orc priests
  10 iguanas
  36 orc wizards
  7 worker ants
  17 sheep
  9 gnolls
  23 adders
  32 river rats
  4 shadow imps
  An ooze (D:5)
  2 adder skeletons
  19 worms
  8 giant geckos
  167 orcs
  12 goblins
  7 hobgoblins
  6 jackals
  8 quokkas
  2 ball pythons
  31 bats
  7 giant cockroaches
  3 giant gecko skeletons
  10 giant newts
  A goblin zombie (D:4)
  11 hobgoblin zombies (Ossuary)
  A jackal skeleton (D:5)
  41 kobolds
  3 kobold zombies (Ossuary)
  8 orc zombies
  A quokka skeleton (D:4)
  9 rats
  A rat zombie (Ossuary)
  A bush (Lair:8)
  A fungus (D:8)
  5 plants (Lair:3)
1063 creatures vanquished.

Vanquished Creatures (collateral kills)
  An orc warlord (Orc:4)
  3 hydras
  A dancing weapon (D:13)
  An ogre mage (D:15)
  6 death yaks
  A harpy (D:15)
  An elephant (Lair:8)
  A fire drake (Lair:8)
  A spiny frog (Lair:8)
  A troll (D:12)
  A slime creature (Lair:6)
  2 blink frogs (Lair:8)
  A tarantella (shapeshifter) (D:15)
  2 hippogriffs
  A hungry ghost (D:8)
  A wyvern (D:11)
  A deep elf fighter (D:14)
  2 wolves (Lair:8)
  A porcupine (Lair:7)
  An ice beast (D:13)
  2 water moccasins
  A hornet simulacrum (D:14)
  4 orc warriors
  4 ogres
  2 big kobolds (D:8)
  A crocodile (Lair:8)
  A wyvern zombie (D:10)
  A scorpion (Lair:4)
  2 killer bees (D:11)
  An orc wizard (Orc:2)
  2 orc priests
  2 iguanas
  A jelly (D:15)
  A mummy (D:4)
  2 gnolls (D:10)
  2 river rats (Lair:8)
  An adder (D:10)
  19 orcs
  5 bats (Orc:1)
  A hobgoblin (D:1)
  3 kobolds
  A rat (D:3)
  A fungus (Lair:8)
  3 plants
93 creatures vanquished.

Vanquished Creatures (others)
  7 humans (D:15)
  A centaur (D:8)
  13 bushes
  A fire vortex (Lair:6)
  66 fungi
  80 plants
168 creatures vanquished.

Grand Total: 1324 creatures vanquished

Notes
Turn   | Place    | Note
--------------------------------------------------------------
     0 | D:1      | Romlok the Ghoul Necromancer began the quest for the Orb.
     0 | D:1      | Reached XP level 1. HP: 14/14 MP: 2/2
     4 | D:1      | Learned a level 1 spell: Animate Skeleton
   184 | D:1      | Reached skill level 1 in Fighting
   184 | D:1      | Reached XP level 2. HP: 12/23 MP: 0/3
   900 | D:2      | Reached XP level 3. HP: 23/28 MP: 2/4
  1021 | D:2      | Found a shattered altar of Ashenzari.
  1418 | D:2      | Found a glowing silver altar of Zin.
  1418 | D:2      | Noticed an angel
  1418 | D:2      | Noticed Sigmund
  1448 | D:3      | Noticed jesusflecha's ghost (weakling DECj)
  1448 | D:3      | Reached skill level 1 in Short Blades
  1521 | D:3      | Noticed Ijyb
  1530 | D:3      | Reached skill level 1 in Armour
  1577 | D:3      | Killed Ijyb
  1577 | D:3      | Reached XP level 4. HP: 27/36 MP: 5/5
  2176 | D:3      | Your ally Ijyb died
  2286 | D:3      | Reached XP level 5. HP: 37/41 MP: 6/6
  2525 | D:3      | Found a blossoming altar of Fedhas.
  2890 | D:4      | Found a radiant altar of Vehumet.
  3062 | D:4      | Reached XP level 6. HP: 50/50 MP: 4/7
  3191 | D:4      | Found a sand-covered staircase.
  3369 | Ossuary  | Entered an ossuary
  3870 | D:4      | Noticed crossborder's ghost (amateur HOMo)
  3872 | D:4      | Noticed an ogre
  4048 | D:3      | Reached skill level 1 in Shields
  4148 | D:4      | Reached XP level 7. HP: 48/54 MP: 6/8
  4202 | D:4      | Got a fine scale mail
  4213 | D:4      | Identified the +2 scale mail "Rireg" {rN+ MR+++ MP+9 Int-3} (You found it on level 4 of the Dungeon)
  4578 | D:4      | Noticed an ogre
  4590 | D:4      | Killed an ogre
  4712 | D:4      | Noticed an ogre
  4719 | D:4      | Killed an ogre
  4719 | D:4      | Reached XP level 8. HP: 28/63 MP: 9/9
  4811 | D:4      | Killed an ogre
  4912 | D:5      | Entered Level 5 of the Dungeon
  4919 | D:5      | Noticed Blunderbuss's ghost (novice GrGl)
  5150 | D:5      | Reached skill level 5 in Short Blades
  6018 | D:6      | Found a staircase to the Ecumenical Temple.
  6024 | Temple   | Entered the Ecumenical Temple
  6193 | D:6      | Found a glowing golden altar of the Shining One.
  6375 | D:6      | Found a sparkling altar of Nemelex Xobeh.
  6494 | D:6      | Noticed DEFINITELYNOTMATTIAS's ghost (novice MiFi)
  7146 | D:6      | Reached skill level 6 in Short Blades
  7379 | D:7      | Reached XP level 9. HP: 56/69 MP: 10/10
  7818 | D:7      | Reached skill level 5 in Dodging
  8043 | D:7      | Reached skill level 7 in Short Blades
  8401 | D:8      | Noticed a hill giant
  8656 | D:8      | Noticed Pikel
  8712 | D:8      | Found a staircase to the Lair.
  8815 | D:8      | Reached skill level 5 in Armour
  9236 | D:8      | Reached skill level 8 in Short Blades
  9258 | D:8      | Reached XP level 10. HP: 62/77 MP: 11/11
  9701 | D:8      | Killed a hill giant
  9701 | D:8      | Reached skill level 9 in Short Blades
  9870 | D:8      | Found a shadowy altar of Dithmenos.
  9870 | D:8      | Found a shattered altar of Ashenzari.
 10288 | D:9      | Noticed a centaur warrior
 10377 | D:9      | HP: 3/76 [centaur warrior (12)]
 10378 | D:9      | Killed a centaur warrior
 11330 | D:9      | Found an iron altar of Okawaru.
 11349 | D:9      | Reached XP level 11. HP: 75/82 MP: 12/12
 11395 | D:9      | Became a worshipper of Warmaster Okawaru
 11701 | D:10     | Entered Level 10 of the Dungeon
 11715 | D:10     | Reached skill level 10 in Short Blades
 11723 | D:10     | Noticed a hill giant
 11737 | D:10     | Killed a hill giant
 11902 | D:10     | Reached * piety under Okawaru
 12170 | D:10     | Reached ** piety under Okawaru
 12707 | D:11     | Noticed a four-headed hydra
 12784 | D:8      | Learned a level 3 spell: Vampiric Draining
 12788 | D:8      | Learned a level 3 spell: Regeneration
 12813 | D:8      | Killed Pikel
 12838 | Lair:1   | Entered Level 1 of the Lair of Beasts
 12873 | D:8      | Reached skill level 1 in Invocations
 12890 | D:8      | Reached *** piety under Okawaru
 13013 | Lair:1   | Found a dark tunnel.
 13014 | Lair:1   | Noticed Gastronok
 13124 | Lair:1   | Killed Gastronok
 13124 | Lair:1   | Reached skill level 5 in Necromancy
 13175 | Volcano  | Entered a volcano
 13521 | Volcano  | Noticed an orc knight
 13580 | Volcano  | Killed an orc knight
 13580 | Volcano  | Reached XP level 12. HP: 47/89 MP: 0/15
 13612 | Volcano  | Reached skill level 5 in Shields
 13945 | Lair:1   | Reached **** piety under Okawaru
 15048 | Lair:2   | Noticed a five-headed hydra
 15110 | Lair:2   | Killed a one-headed hydra
 15667 | Lair:3   | Noticed a seven-headed hydra
 15702 | Lair:3   | Killed a one-headed hydra
 16190 | Lair:3   | Received a gift from Okawaru
 16622 | Lair:3   | Found a staircase to the Shoals.
 16641 | Lair:3   | Reached ***** piety under Okawaru
 17212 | Lair:4   | Reached XP level 13. HP: 92/94 MP: 14/18
 17772 | Lair:4   | Reached skill level 5 in Spellcasting
 18156 | Lair:4   | Received a gift from Okawaru
 18603 | Lair:5   | Found a hole to the Spider Nest.
 18860 | Lair:5   | Reached skill level 1 in Charms
 19357 | Lair:6   | Reached skill level 10 in Necromancy
 19400 | Lair:6   | Got a faintly humming scale mail
 19404 | Lair:6   | Identified the +11 scale mail of Compression {rPois Str+3 Dex-2} (You found it on level 6 of the Lair of Beasts)
 19515 | Lair:6   | Reached skill level 10 in Dodging
 19563 | Lair:6   | Found a labyrinth entrance.
 19564 | Lair:6   | Found a staircase to the Slime Pits.
 19607 | Lab      | Entered a labyrinth
 20138 | Lab      | Noticed a minotaur
 20167 | Lab      | Killed a minotaur
 20171 | Lab      | Got a clouded platinum ring
 20172 | Lab      | Got a steaming morningstar
 20380 | Lair:6   | Identified the ring of Egalitarianism {+Blink rN+ MP-9 Str+6} (You found it in a labyrinth)
 20404 | Lair:6   | Identified the +8 morningstar "Xavako" {drain, rC+ Str+3} (You found it in a labyrinth)
 20406 | Lair:6   | Identified a +4 rod of destruction (9/9) (You found it in a labyrinth)
 20407 | Lair:6   | Identified a +8 rod of the swarm (13/13) (You found it in a labyrinth)
 20461 | Lair:6   | Noticed Maud
 20494 | Lair:6   | Killed Maud
 20937 | Lair:6   | Received a gift from Okawaru
 21243 | Lair:7   | Reached XP level 14. HP: 94/102 MP: 20/22
 21258 | Lair:7   | Reached skill level 5 in Invocations
 21827 | Lair:8   | Entered Level 8 of the Lair of Beasts
 22189 | Lair:8   | Reached ****** piety under Okawaru
 22189 | Lair:8   | Received a gift from Okawaru
 22199 | Lair:8   | Got an ichor-stained hat {god gift}
 22284 | Lair:8   | Identified the +0 hat of Sezxeer Sosu {+Blink rElec rPois rF-} (Okawaru gifted it to you on level 8 of the Lair of Beasts)
 22386 | Lair:8   | Found a runed door.
 23783 | Lair:7   | Received a gift from Okawaru
 23799 | Lair:7   | Identified a +1 pair of boots of running (Okawaru gifted it to you on level 7 of the Lair of Beasts)
 24093 | Lair:8   | Reached XP level 15. HP: 83/107 MP: 24/24
 24172 | Lair:8   | Reached skill level 11 in Necromancy
 25123 | D:11     | Killed a one-headed hydra
 25536 | D:11     | Received a gift from Okawaru
 25542 | D:11     | Got a pair of polished gloves {god gift}
 25548 | D:11     | Identified the +3 pair of gloves of Zunun {+Inv rN+ rCorr Dex-3} (Okawaru gifted it to you on level 11 of the Dungeon)
 25880 | D:11     | Found a staircase to the Orcish Mines.
 26361 | D:11     | Reached skill level 10 in Armour
 26410 | Orc:1    | Entered Level 1 of the Orcish Mines
 27114 | Orc:1    | Reached skill level 1 in Long Blades
 27386 | Orc:1    | Found Byachah's Food Boutique.
 27391 | Orc:1    | Found a roughly hewn altar of Beogh.
 28583 | Orc:4    | Entered Level 4 of the Orcish Mines
 28585 | Orc:4    | Found a staircase to the Elven Halls.
 28719 | Orc:4    | Found Juqibleg's Antique Weapon Shoppe.
 29033 | Orc:4    | Found Serimur's Book Emporium.
 29035 | Orc:4    | Found Vuapuc's General Store.
 29319 | Orc:4    | Bought an ebony short sword for 232 gold pieces
 29319 | Orc:4    | Identified the +7 short sword "Hiraellosm" {freeze, rElec rPois rC+ Dex+2} (You bought it in a shop on level 4 of the Orcish Mines)
 29339 | Orc:4    | Found Qapluarr's Jewellery Emporium.
 29698 | Orc:4    | Found Pyos's Antique Armour Shoppe.
 29706 | Orc:4    | Bought a jewelled leather armour for 217 gold pieces
 29706 | Orc:4    | Bought a faintly humming scale mail for 279 gold pieces
 29716 | Orc:4    | Identified the cursed +0 leather armour of Hexomay {rElec} (You bought it in a shop on level 4 of the Orcish Mines)
 29731 | Orc:4    | Identified the cursed +0 scale mail "Dulasm" {rN++ Regen+ SInv Stlth+} (You bought it in a shop on level 4 of the Orcish Mines)
 29789 | Orc:4    | Bought a book of Cantrips for 280 gold pieces
 29791 | Orc:4    | Learned a level 1 spell: Corona
 29793 | Orc:4    | Learned a level 1 spell: Apportation
 29948 | Orc:4    | Bought an uncursed amulet of clarity for 320 gold pieces
 30289 | D:12     | Got a bloodstained shortbow
 30368 | D:12     | Reached skill level 5 in Charms
 31066 | D:13     | HP: 4/110 [enchanted long sword (15)]
 31074 | D:13     | HP: 1/110 [skeletal warrior/scimitar (17)]
 31260 | D:13     | You fall through a shaft for 2 floors!
 31260 | D:15     | Entered Level 15 of the Dungeon
 31262 | D:15     | Noticed a frost giant
 31291 | D:15     | Received a gift from Okawaru
 31387 | D:15     | Reached XP level 16. HP: 59/116 MP: 18/27
 31479 | D:15     | Reached skill level 1 in Translocations
 31498 | D:15     | Reached skill level 1 in Hexes
 31814 | D:15     | Reached skill level 5 in Long Blades
 31873 | D:15     | Received a gift from Okawaru
 31905 | D:15     | Noticed Urug
 31937 | D:15     | Killed Urug
 32061 | D:14     | Got a bloodstained mace
 32451 | D:13     | Reached skill level 12 in Necromancy
 32592 | D:13     | Found a gate to the Vaults.
 32957 | D:14     | Found a sparkling altar of Nemelex Xobeh.
 33419 | D:14     | Found a white marble altar of Elyvilon.
 33526 | D:14     | Reached skill level 1 in Evocations
 33761 | D:15     | Found a staircase to the Depths.
 33833 | D:15     | Found a sparkling altar of Nemelex Xobeh.
 33834 | D:15     | Found a glowing golden altar of the Shining One.
 33834 | D:15     | Found a white marble altar of Elyvilon.
 33861 | D:15     | Paralysed by a great orb of eyes for 4 turns
 34017 | D:15     | Noticed Kirke
 34043 | D:15     | Killed Kirke
 34050 | D:15     | Noticed a tengu reaver
 34079 | D:15     | Killed a tengu reaver
 34591 | D:15     | Noticed a fire giant
 34604 | D:15     | Noticed Rupert
 34645 | D:15     | Killed Rupert
 34645 | D:15     | Received a gift from Okawaru
 34676 | D:15     | Killed from afar by a fire giant

Action                   |  1- 3 |  4- 6 |  7- 9 | 10-12 | 13-15 | 16-18 || total
-------------------------+-------+-------+-------+-------+-------+-------++-------
Melee: Unarmed           |    31 |       |       |       |       |       ||    31
       Dagger            |   113 |   344 |   686 |  1246 |  2987 |   304 ||  5680
       War axe           |       |     7 |       |       |       |       ||     7
       Spear             |       |     1 |       |       |       |       ||     1
       Long sword        |       |       |       |    26 |    39 |    66 ||   131
       Short sword       |       |       |       |       |   516 |   653 ||  1169
Throw: Stone             |    12 |       |       |     6 |       |       ||    18
       Tomahawk          |       |       |    41 |     4 |     5 |       ||    50
       Javelin           |       |       |       |       |     1 |     9 ||    10
 Cast: Pain              |    18 |    17 |    18 |    86 |   157 |    14 ||   310
       Animate Skeleton  |     4 |    11 |    16 |    22 |   137 |    31 ||   221
       Vampiric Draining |       |       |       |     5 |    94 |    37 ||   136
       Regeneration      |       |       |       |       |     5 |     7 ||    12
       Corona            |       |       |       |       |       |     4 ||     4
Invok: Heroism           |       |       |       |     4 |     4 |       ||     8
       Finesse           |       |       |       |       |       |     1 ||     1
 Abil: Evoke Invisibilit |       |       |       |       |       |     2 ||     2
Evoke: Rod               |       |       |       |       |     1 |       ||     1
       Wand              |       |       |       |       |       |     1 ||     1
  Use: Scroll            |     2 |     3 |     7 |     6 |    10 |     2 ||    30
       Potion            |     1 |     4 |     3 |     6 |     4 |     4 ||    22
 Stab: Sleeping          |     5 |     2 |     5 |    18 |     6 |       ||    36
       Distracted        |       |       |     1 |     5 |    12 |     1 ||    19
       Fleeing           |       |       |       |     1 |       |       ||     1
       Invisible         |       |       |       |       |       |     2 ||     2
  Eat: Chunk             |    21 |    28 |    40 |    83 |   215 |    60 ||   447
